Map: Dusk Towers

Players

Adonminus

  • Race: Protoss Protoss
  • League: Grandmaster

ThisGameSuck - Winner!

  • Race: Protoss Protoss
  • League: Grandmaster

VOD

Have the link to the VOD?

Description

Time

  • Played on: June 30, 2016, 10:52 a.m.
  • Length: 5:34
Show
View Real Time Build Order
Export as new Build Order

Adonminus Protoss 

Build Orders: 1 Gate Expand, Phoenix Opening 

Get SALT Encoding   

  12  0:00  Probe (Chrono Boost)  
  13  0:11  Probe (Chrono Boost)  
  14  0:18  Pylon  
  14  0:22  Probe (Chrono Boost)  
  15  0:36  Gateway  
  15  0:37  Probe (Chrono Boost)  
  15  0:41  Assimilator  
  16  0:47  Probe (Chrono Boost)  
  17  0:58  Probe (Chrono Boost)  
  18  1:08  Probe (Chrono Boost)  
  19  1:22  Nexus  
  19  1:27  Assimilator  
  19  1:31  Probe (Chrono Boost)  
  20  1:41  Cybernetics Core  
  20  1:46  Probe (Chrono Boost)  
  21  1:57  Probe (Chrono Boost)  
  22  2:07  Probe (Chrono Boost)  
  23  2:19  Warp Gate (Chrono Boost)  
  23  2:22  Pylon  
  23  2:28  Stargate  
  23  2:32  Stalker (Chrono Boost)  
  23  2:33  Probe x2  
  27  2:45  Probe (Chrono Boost)  
  27  2:46  Mothership Core (Chrono Boost)  
  30  2:56  Gateway  
  30  2:57  Gateway  
  30  3:03  Stalker  
  30  3:10  Phoenix (Chrono Boost)  
  34  3:23  Pylon  
  34  3:24  Probe x2  
  36  3:30  Phoenix  
  38  3:38  Probe x2  
  40  3:54  Phoenix  
  40  4:02  Probe x2 (Chrono Boost)  
  44  4:04  Assimilator  
  44  4:05  Assimilator  
  44  4:08  Robotics Facility  
  44  4:24  Zealot x2  
  46  4:28  Pylon  
  46  4:29  Pylon  
  44  4:39  Sentry  
  44  4:48  Stalker x2  
  42  4:58  Pylon  
  42  4:59  Pylon  
  31  5:14  Stalker  
  31  5:16  Stalker  
  31  5:18  Stalker  
Show
View Real Time Build Order
Export as new Build Order

ThisGameSuck Protoss - Winner!

Build Orders:  

Get SALT Encoding   

  12  0:01  Probe (Chrono Boost)  
  13  0:11  Probe (Chrono Boost)  
  14  0:17  Pylon  
  14  0:22  Probe (Chrono Boost)  
  16  0:35  Probe (Chrono Boost)  
  16  0:36  Gateway  
  16  0:46  Probe (Chrono Boost)  
  16  0:47  Assimilator  
  17  0:52  Assimilator  
  17  0:57  Probe (Chrono Boost)  
  18  1:07  Probe (Chrono Boost)  
  18  1:09  Gateway  
  19  1:18  Probe (Chrono Boost)  
  20  1:24  Cybernetics Core  
  20  1:28  Probe (Chrono Boost)  
  21  1:36  Pylon  
  21  1:39  Probe (Chrono Boost)  
  23  1:55  Pylon  
  24  2:02  Stalker (Chrono Boost)  
  24  2:04  Stalker (Chrono Boost)  
  24  2:06  Warp Gate (Chrono Boost)  
  26  2:20  Robotics Facility  
  26  2:28  Stalker  
  28  2:37  Stalker  
  30  2:47  Gateway  
  30  2:51  Probe  
  31  3:18  Immortal (Chrono Boost)  
  35  3:22  Pylon  
  35  3:52  Warp Prism (Chrono Boost)  
  35  4:02  Stalker x3  
  41  4:04  Pylon  
  37  4:26  Stalker x3  
  39  4:51  Stalker x3  
  41  5:12  Adept  
  41  5:15  Stalker  
  41  5:16  Stalker  
Tags
 
Add a new tag
Caveats
  • Supply blocks, unpowered buildings, or Contaminate may cause inaccurate times.
  • Supply counts are checked every 10 seconds.